 Dungeon Crawl Stone Soup version 0.31-a0-240-gb923e448b6 (webtiles) character file.

Game seed: 1316867309815131156

90 Harunobu the Trooper (level 4, 0/29 HPs)
             Began as a Gargoyle Monk on July 12, 2023.
             Frozen to death by an endoplasm (4 damage)
             ... on level 2 of the Dungeon.
             The game lasted 00:02:14 (1476 turns).

Harunobu the Trooper (Gargoyle Monk)                Turns: 1476, Time: 00:02:14

Health: 0/29       AC:  6    Str: 16    XL:     4   Next: 56%
Magic:  4/4        EV: 10    Int: 11    God:
Gold:   138        SH:  7    Dex: 12    Spells: 3/3 levels left

rFire   . . .        g - +0 whip
rCold   . . .        m - +0 kite shield
rNeg    + . .        b - +0 robe
rPois   ∞            (no helmet)
rElec   +            (no cloak)
rCorr   .            (no gloves)
SInv    .            h - +0 pair of boots
Will    .....        e - amulet of faith
Stlth   +            (no ring)
HPRegen 0.24/turn    (no ring)
MPRegen 0.09/turn

%: faith
@: no status effects
A: sickness immunity, AC +3, negative energy resistance 1, electricity
resistance, torment resistance 1, petrification resistance
a: no special abilities


You were on level 2 of the Dungeon.
You visited 1 branch of the dungeon, and saw 2 of its levels.

You collected 138 gold pieces.

Inventory:

Hand Weapons
 a - a +0 mace
 g - a +0 whip (weapon)
Armour
 b - a +0 robe (worn)
 d - an orb of light
 h - a +0 pair of boots (worn)
 m - a +0 kite shield (worn)
Jewellery
 e - an amulet of faith (around neck)
Scrolls
 f - a scroll of identify {unknown}
 j - a scroll of brand weapon {unknown}
Potions
 c - a potion of ambrosia
 i - 2 potions of curing {unknown}
 k - 2 potions of heal wounds
 l - a potion of mutation {unknown}
 n - a potion of brilliance {unknown}


   Skills:
 + Level 4.3 Fighting
 + Level 3.8 Maces & Flails
 + Level 3.1 Dodging


You had 3 spell levels left.
You didn't know any spells.
Your spell library contained the following spells:

 Spells                   Type           Power      Damage    Failure   Level
 Freeze                   Ice            0%         1d3       77%         1
 Ensorcelled Hibernation  Hex/Ice        0%         N/A       88%         2
 Passwall                 Tmut/Erth      0%         N/A       88%         2
 Frozen Ramparts          Ice            0%         1d1       98%         3
 Gell's Gravitas          Tloc           0%         N/A       98%         3
 Hailstorm                Conj/Ice       0%         3d3       98%         3
 Swiftness                Air            0%         N/A       98%         3
 Teleport Other           Tloc           0%         N/A       98%         3
 Dispersal                Tloc           0%         N/A       100%        6


Dungeon Overview and Level Annotations

Branches:
Dungeon (2/15)

Altars:


Innate Abilities, Weirdness & Mutations

You are immune to sickness and miasma.
Your stone body is resilient. (AC +3)
You are immune to poison.
You resist negative energy. (rN+)
You are resistant to electric shocks. (rElec)
You are resistant to unholy torment.
You are immune to petrification.


Message History

The endoplasm is heavily wounded.
The endoplasm freezes you.
You are frozen.
You barely miss the endoplasm.
The endoplasm is heavily wounded.
The endoplasm freezes you.
You are frozen.
You hit the endoplasm but do no damage.
The endoplasm is heavily wounded.
You block the endoplasm's attack.
You completely miss the endoplasm.
The endoplasm is heavily wounded.
The endoplasm freezes you.
You are frozen.
You hit the endoplasm but do no damage.
The endoplasm is heavily wounded.
The endoplasm freezes you.
You are frozen.
You hit the endoplasm but do no damage.
The endoplasm is heavily wounded.
The endoplasm freezes you.
You are frozen.
You completely miss the endoplasm.
The endoplasm is heavily wounded.
You block the endoplasm's attack.
You hit the endoplasm.
The endoplasm is severely wounded.
The endoplasm freezes you.
You are frozen.
The endoplasm freezes you.
You are frozen.
* * * LOW HITPOINT WARNING * * *
You hit the endoplasm but do no damage.
The endoplasm is severely wounded.
The endoplasm freezes you.
You are frozen.
* * * LOW HITPOINT WARNING * * *
The endoplasm freezes you.
You are frozen.
You die...

###########
#.........#
#..@......#
#########.J.......#
...◑....†......!..#
######.....!.....#
######..#.....>...#
#......##.........#
##.#######.........#
###..# ###########
###...##


You could see an endoplasm.

Vanquished Creatures
  Jessica (D:2)
  2 adders (D:2)
  8 endoplasms
  3 giant cockroaches
  5 goblins (D:1)
  3 hobgoblins (D:1)
  2 jackals (D:2)
  2 kobolds (D:2)
  3 quokkas (D:1)
  6 ball pythons
  3 bats
  2 frilled lizards
  2 rats
42 creatures vanquished.

Notes
Turn   | Place    | Note
-------+----------+-------------------------------------------
     0 | D:1      | Harunobu the Gargoyle Monk began the quest for the Orb.
     0 | D:1      | Reached XP level 1. HP: 14/14 MP: 1/1
   250 | D:1      | Reached XP level 2. HP: 19/19 MP: 2/2
   541 | D:1      | Reached XP level 3. HP: 24/24 MP: 3/3
   963 | D:2      | Reached skill level 4 in Fighting
  1175 | D:2      | Noticed Jessica
  1189 | D:2      | Killed Jessica
  1190 | D:2      | Reached XP level 4. HP: 16/29 MP: 4/4
  1253 | D:2      | Found a faded altar of an unknown god.
  1476 | D:2      | Frozen to death by an endoplasm

Illustrated notes

Levels and vault maps discovered:
D:1:      dpeg_arrival_stonehenge_8_columns, layout_rooms
D:2:      layout_rooms, basic_ecumenical_altar, columned_hall_lemuel,
          glass_columns_a, uniq_jessica

Skill      XL: |  1  2  3 |
---------------+----------+-----
Fighting       | 4 |  4.3
Dodging        | 3 |  3.1
Maces & Flails | |  3.8

Action                     |  1- 3 |  4- 6 || total
---------------------------+-------+-------++-------
  Melee: Whip              |   111 |    28 ||   139
         Mace              |     6 |       ||     6
 Armour: Robe              |    48 |     7 ||    55
  Dodge: Dodged            |    96 |    11 ||   107
  Block: Kite shield       |       |     3 ||     3

Table legend: (Time is in decaauts)
 A = Elapsed time spent in this place.
 B = Non-inter-level travel time spent in this place.
 C = Inter-level travel time spent in this place.
 D = Time resting spent in this place.
 E = Time spent auto-exploring this place.
 F = Levels seen in this place.
 G = Mean time per level.
                   A        B        C        D        E       F      G
               +--------+--------+--------+--------+--------+-----+--------+
         Total |   1469 |   1432 |     37 |    462 |    589 |   2 |  734.5 |
       Dungeon |   1469 |   1432 |     37 |    462 |    589 |   2 |  734.5 |
               +--------+--------+--------+--------+--------+-----+--------+

Top non-repeatable levels by time:
     D:1: 895 daAuts
     D:2: 573 daAuts
